 Dungeon Crawl Stone Soup version 0.29.1-15-g9cfb28693d (webtiles) character file.

Game seed: 1387269668306612558

1556 Sharkman1231 the Schismatic (level 8, -1/63 HPs)
             Began as a Demonspawn Abyssal Knight on Mar 26, 2023.
             Was an Elder of Lugonu.
             Slain by a wight
             ... wielding a +0 trident
              (11 damage)
             ... on level 7 of the Dungeon.
             The game lasted 00:09:46 (8148 turns).

Sharkman1231 the Schismatic (DsAK)                  Turns: 8148, Time: 00:09:47

Health: -1/63      AC:  6    Str: 14    XL:     8   Next: 58%
Magic:  12/12      EV: 13    Int: 12    God:    Lugonu [****..]
Gold:   356        SH:  0    Dex: 15    Spells: 7/7 levels left

rFire   . . .      SeeInvis +   a - +3 spear
rCold   . . .      Faith    .   (no shield)
rNeg    . . .      Spirit   .   b - +0 leather armour
rPois   .          Reflect  .   l - +0 helmet {SInv}
rElec   .          Harm     .   (no cloak)
rCorr   .          Rampage  .   h - +1 pair of gloves
Will    .....                   (no boots)
Stlth   +.........              (no amulet)
HPRegen 0.20/turn               (no ring)
MPRegen 0.13/turn               (no ring)

@: no status effects
A: claws 1, demonic guardian 2, spiny 1
a: Renounce Religion, Depart the Abyss, Bend Space, Banish, Corrupt


You were on level 7 of the Dungeon.
You worshipped Lugonu.
Lugonu was greatly pleased with you.
You visited 1 branch of the dungeon, and saw 7 of its levels.
You visited the Abyss 1 time.
You also visited: Sewer and Ossuary.

You collected 518 gold pieces.
You spent 162 gold pieces at shops.

Inventory:

Hand Weapons
 a - a +3 spear (weapon)
Armour
 b - a +0 leather armour (worn)
 h - a +1 pair of gloves (worn)
 l - a +0 helmet of see invisible (worn)
Jewellery
 j - a ring of ice
 B - a ring of willpower
Wands
 m - a wand of roots (2)
 C - a wand of flame (14)
Scrolls
 c - a scroll of fear {unknown}
 d - 4 scrolls of teleportation
 g - 2 scrolls of silence {unknown}
 i - 2 scrolls of magic mapping
 k - 2 scrolls of noise {unknown}
 n - 2 scrolls of enchant armour {unknown}
 p - 2 scrolls of immolation {unknown}
 q - a scroll of poison {unknown}
 w - a scroll of blinking
 y - 2 scrolls of fog {unknown}
 z - a scroll of vulnerability {unknown}
 E - a scroll of identify
Potions
 e - 3 potions of magic
 f - 3 potions of curing
 o - 3 potions of lignification
 r - a potion of might
 s - a potion of haste
 t - a potion of ambrosia {unknown}
 u - a potion of invisibility {unknown}
 v - 2 potions of flight
 x - 4 potions of mutation
 A - a potion of resistance
 D - a potion of berserk rage {unknown}


   Skills:
 + Level 5.6 Fighting
 - Level 2.7 Polearms
 - Level 1.8 Armour
 + Level 4.1 Dodging
 + Level 0.7 Stealth
 * Level 5.4 Unarmed Combat
 + Level 6.1 Invocations
 + Level 2.5 Evocations


You had 7 spell levels left.
You didn't know any spells.
Your spell library contained the following spells:

 Spells                   Type           Power      Damage    Failure   Level
 Sting                    Tmut/Pois      0%         1d3       38%         1
 Ensorcelled Hibernation  Hex/Ice        0%         N/A       52%         2
 Passwall                 Tmut/Erth      0%         N/A       52%         2
 Poisonous Vapours        Pois/Air       0%         N/A       52%         2
 Call Canine Familiar     Summ           0%         N/A       77%         3
 Dazzling Flash           Conj/Hex       0%         N/A       77%         3
 Portal Projectile        Hex/Tloc       0%         N/A       77%         3
 Summon Guardian Golem    Hex/Summ       0%         N/A       77%         3
 Swiftness                Air            0%         N/A       77%         3
 Leda's Liquefaction      Hex/Erth       0%         N/A       99%         4
 Olgreb's Toxic Radiance  Pois           0%         N/A       99%         4
 Agony                    Necr           0%         N/A       100%        5
 Silence                  Hex/Air        0%         N/A       100%        5
 Orb of Destruction       Conj           0%         9d5       100%        7
 Spellforged Servitor     Conj/Summ      0%         N/A       100%        7


Dungeon Overview and Level Annotations

Branches:
Dungeon (7/15)             Temple (0/1) D:6           Sewer (visited)
Ossuary (visited)

Altars:
Dithmenos
Hepliaklqana

Shops:
D:6 *

Annotations:
D:6 2 transporters, croobank's ghost, novice GnFE


Innate Abilities, Weirdness & Mutations

You have sharp fingernails.
A demonic guardian rushes to your aid.
You are partially covered in sharp spines.


Message History

You hit the kobold brigand.
You kill the kobold brigand!
Lugonu accepts your kill. The wight misses you.
Your life force feels restored.
Unknown command.
You closely miss the wight.
The wight is lightly damaged.
The wight hits you with a +4 dagger!
* * * LOW HITPOINT WARNING * * *
Unknown command.
You hit the wight.
The wight is lightly damaged.
The wight hits you with a +4 dagger.
* * * LOW HITPOINT WARNING * * *
A demonic guardian appears!
Unknown command.
Found a stone staircase leading down.
Space bends violently around you!
You blink.
Found 2 potions of lignification and 6 stones.
Your hellwing swoops through the air toward the wight!
Your hellwing barely misses the wight.
Your hellwing hits the wight.
Unknown command.
The wight closely misses your hellwing.
Your hellwing hits the wight.
Your hellwing barely misses the wight.
The wight closely misses your hellwing.
Your hellwing barely misses the wight.
Your hellwing hits the wight. The wight closely misses your hellwing.
A wight comes into view. It is wielding a +3 scimitar.
Your hellwing hits the wight but does no damage.
Your hellwing closely misses the wight.
The wight hits your hellwing with a +4 dagger.
Your hellwing hits the wight.
The wight is destroyed!
Lugonu accepts your kill.
A wight and a gnoll come into view.
The gnoll shouts!
You hear a shout! x3
A gnoll comes into view. It is wielding a +0 whip.
The wight hits you from afar with a +0 trident!
You die...

#<)###.... #.
##.)#.. ..
#.##..........
#.#.....#.....
##.#...4.# ...#
#......z.#.!...
#.>##..........
#..###..#......
##.@...###.....
#z......# ###!
#.(...........
#.##.....#g....
..
##...##......
.. ..... ..g...
. ....... ...#.
#.......#.g##


You could see a wight and 2 gnolls.

Vanquished Creatures
  Eustachio (D:4)
  A water moccasin (D:6)
  An ice beast (D:5)
  A centaur (D:5)
  2 kobold brigands
  2 scorpions (D:6)
  3 hounds
  2 jellies (D:6)
  2 orc priests (D:6)
  2 iguanas
  4 orc wizards
  2 mummies (Ossuary)
  4 gnolls
  10 adders
  A shadow imp (D:5)
  2 white imps
  An ufetubus (D:4)
  2 worms (D:3)
  3 dart slugs
  12 orcs
  4 endoplasms
  3 giant cockroaches (D:3)
  7 hobgoblins
  5 jackals
  5 quokkas
  5 ball pythons
  5 bats
  2 frilled lizards
  A gnoll zombie (Ossuary)
  9 goblins
  2 hobgoblin zombies (Ossuary)
  14 kobolds
  2 kobold zombies (Ossuary)
  2 orc zombies (Ossuary)
  3 rats
127 creatures vanquished.

Vanquished Creatures (collateral kills)
  A bullfrog (D:6)
  A wight (D:7)
  An orc wizard (D:4)
  6 mummies (Ossuary)
  An adder (D:5)
  2 orcs (D:6)
  2 hobgoblins (D:4)
  A jackal (D:2)
  A hobgoblin zombie (Ossuary)
16 creatures vanquished.

Vanquished Creatures (others)
  18 plants (D:2)
18 creatures vanquished.

Grand Total: 161 creatures vanquished

Notes
Turn   | Place    | Note
-------+----------+-------------------------------------------
     0 | Abyss:1  | Sharkman1231 the Demonspawn Abyssal Knight began the quest
                  | for the Orb.
     0 | Abyss:1  | Reached XP level 1. HP: 18/18 MP: 2/2
    29 | Abyss:1  | Found a corrupted altar of Lugonu.
    62 | Abyss:2  | Noticed a small abomination
    64 | D:1      | Escaped the Abyss
   183 | D:1      | Found a faded altar of an unknown god.
   594 | D:1      | Gained mutation: A weak demonic guardian rushes to your
                  | aid. [demonic ancestry]
   594 | D:1      | Reached XP level 2. HP: 21/24 MP: 3/3
   597 | D:1      | Reached skill level 1 in Dodging
   820 | D:1      | Reached ** piety under Lugonu
  1295 | D:2      | Reached XP level 3. HP: 29/29 MP: 4/4
  2667 | D:3      | Found a glowing drain.
  2719 | D:3      | Gained mutation: You have sharp fingernails. [demonic
                  | ancestry]
  2719 | D:3      | Reached XP level 4. HP: 36/37 MP: 6/6
  2723 | Sewer    | Entered a sewer
  2789 | Sewer    | Noticed a water moccasin
  3157 | D:3      | Reached skill level 3 in Invocations
  3501 | D:3      | Found a hazy altar of Hepliaklqana.
  3944 | D:3      | Reached *** piety under Lugonu
  4032 | D:4      | Reached skill level 1 in Unarmed Combat
  4061 | D:4      | Noticed Eustachio
  4075 | D:4      | Gained mutation: A demonic guardian rushes to your aid.
                  | [demonic ancestry]
  4075 | D:4      | Reached XP level 5. HP: 21/42 MP: 7/7
  4082 | D:4      | Killed Eustachio
  4083 | D:4      | Reached skill level 4 in Invocations
  4083 | D:4      | Reached XP level 6. HP: 18/48 MP: 7/9
  4109 | D:4      | Found a sand-covered staircase.
  4115 | Ossuary  | Entered an ossuary
  4390 | Ossuary  | HP: 1/49 [mummy (14)]
  5124 | D:4      | Reached XP level 7. HP: 55/55 MP: 10/10
  5443 | D:5      | Entered Level 5 of the Dungeon
  6381 | D:5      | Reached skill level 5 in Invocations
  6472 | D:5      | Reached skill level 5 in Fighting
  6792 | D:6      | Reached skill level 1 in Evocations
  6825 | D:6      | Gained mutation: You are partially covered in sharp spines.
                  | [demonic ancestry]
  6825 | D:6      | Reached XP level 8. HP: 31/62 MP: 12/12
  6833 | D:6      | Reached **** piety under Lugonu
  6990 | D:6      | Found a staircase to the Ecumenical Temple.
  7548 | D:6      | Reached skill level 5 in Unarmed Combat
  7562 | D:6      | Found Awny's Assorted Antiques.
  7565 | D:6      | Bought a viscous red potion for 21 gold pieces
  7565 | D:6      | Bought a viscous red potion for 21 gold pieces
  7565 | D:6      | Bought a scroll labelled SATTEA YMAMIA for 24 gold pieces
  7565 | D:6      | Bought a scroll of identify for 48 gold pieces
  7565 | D:6      | Bought a scroll of identify for 48 gold pieces
  7772 | D:6      | Found a shadowy altar of Dithmenos.
  7882 | D:6      | Reached skill level 6 in Invocations
  8006 | D:6      | Found a transporter.
  8008 | D:6      | Noticed croobank's ghost (novice GnFE)
  8009 | D:6      | Found a transporter.
  8012 | D:6      | Identified the +5 dire flail "Qaaczelin" {freeze, rN+}
  8012 | D:6      | Noticed a two-headed ogre
  8148 | D:7      | Slain by a wight

Illustrated notes

Levels and vault maps discovered:
D:1:      ncdulo_wetmaze, layout_basic, shapermc_ecumenical_altar_mp_highgroup,
          hangedman_decor_diamond_cutter
D:2:      layout_basic, serial_bayou, serial_bayou_pond_c, serial_bayou_pond_e,
          serial_bayou_lagoon_a, serial_bayou_pond_c, fountainhead,
          nrook_mini_vaults
D:3:      layout_loops_corners, overflow_temple_1_default,
          cheibrodos_sewer_entry_drain
D:4:      layout_basic, nicolae_ossuary_entry_plus, uniq_eustachio
D:5:      layout_loops_ring
D:6:      layout_basic, nicolae_dithmenos_shadow_blocks,
          minmay_temple_entry_glass, serial_shops, kennysheep_mini_moat,
          gammafunk_ghost_smash, chequers_serial_rivers_micro_e,
          serial_bayou_crossing
D:7:      nicolae_cairo_tiling_large_dashed, layout_loops_ring

Skill      XL: |  1  2  3  4  5  6  7  8 |
---------------+-------------------------+-----
Dodging        | 1 2 3 4 |  4.1
Polearms       | 2 |  2.7
Invocations    | 3 4 5 6 |  6.1
Unarmed Combat | 1 2 3 4 5 |  5.4
Fighting       | 4 5 |  5.6
Evocations     | 1 2 |  2.5
Armour         | |  1.8
Stealth        | |  0.7

Action                   |  1- 3 |  4- 6 |  7- 9 || total
-------------------------+-------+-------+-------++-------
Melee: Spear             |   158 |   201 |   206 ||   565
       Punch             |     2 |     3 |     5 ||    10
       Unarmed           |       |       |    23 ||    23
Invok: Depart the Abyss  |     1 |       |       ||     1
       Bend Space        |       |     2 |     2 ||     4
Evoke: Wand              |       |     5 |     3 ||     8
  Use: Scroll            |     2 |     8 |     3 ||    13
       Potion            |       |     5 |       ||     5
 Stab: Sleeping          |     2 |     1 |     1 ||     4
       Distracted        |       |       |     1 ||     1
Armor: Leather armour    |    47 |    33 |    58 ||   138
Dodge: Dodged            |    70 |    92 |   118 ||   280
